 Dungeon Crawl Stone Soup version 0.11.3 (console) character file.

115 Lightli the Changer (level 3, -1/20 HPs)
             Began as a Deep Elf Stalker on July 3, 2022.
             Slain by an orc
             ... wielding a +3,+2 orcish flail
              (10 damage)
             ... on Level 3 of the Dungeon.
             The game lasted 00:05:38 (1837 turns).

Lightli the Changer (Deep Elf Stalker)              Turns: 1837, Time: 00:05:38

HP  -1/20        AC  4     Str  7      XL: 3   Next: 37%
MP   7/7         EV 12     Int 17      God:
Gold 73          SH  0     Dex 16      Spells:  2 memorised,  2 levels left

Res.Fire  : + . .   See Invis. : .   a - +2 elf dagger {=f}
Res.Cold  : . . .   Warding    : .   l - +0 orc leather armour {rF+}
Life Prot.: . . .   Conserve   : .   (no shield)
Res.Poison: .       Res.Corr.  : .   (no helmet)
Res.Elec. : .       Clarity    : .   c - +0 elf cloak
Sust.Abil.: . .     Spirit.Shd : .   (no gloves)
Res.Mut.  : .       Rnd.Telep. : +   (no boots)
Res.Rott. : .       Ctrl.Telep.: .   (no amulet)
Saprovore : . . .   Levitation : .   (no ring) Ctrl.Flight: .
                                     r - cursed ring of teleportation

@: very slightly contaminated, slightly resistant to hostile enchantments,
stealthy
A: no striking features
a: Evoke Teleportation


You were on level 3 of the Dungeon.
You were not hungry.

You visited 1 branch of the dungeon, and saw 3 of its levels.

You collected 53 gold pieces.

Inventory:

Hand weapons
 a - a +2,+2 elven dagger (weapon) {=f}
Missiles
 k - 3 curare-tipped needles
Armour
 c - a +0 elven cloak (worn)
 l - a +0 orcish leather armour of fire resistance (worn)
Comestibles
 f - 2 bread rations
 j - a chunk of bat flesh
Scrolls
 g - a scroll of identify
 i - a scroll of magic mapping
 m - a scroll of amnesia
 p - a scroll of random uselessness
Jewellery
 r - a cursed ring of teleportation (left hand)
Potions
 e - 3 potions of confusion
 h - a potion of mutation
Books
 d - a book of Stalking

   Spells                             Type                      Level
   *Fulsome Distillation              Transmutation/Necromancy     1
   *Evaporate                         Fire/Transmutation           2
   Passwall                           Transmutation/Earth          3
   Petrify                            Transmutation/Earth          4
   Dig                                Transmutation/Earth          4
 o - a book of Death

   Spells                             Type                      Level
   Corpse Rot                         Necromancy                   2
   Sublimation of Blood               Necromancy                   2
   Agony                              Necromancy                   5
   Dispel Undead                      Necromancy                   5
   Excruciating Wounds                Charms/Necromancy            5
   Bolt of Draining                   Conjuration/Necromancy       6


   Skills:
 - Level 0.7 Fighting
 - Level 1.0 Short Blades
 - Level 2.4 Dodging
 - Level 2.4 Stealth
 - Level 2.1 Stabbing
 - Level 1.5 Spellcasting
 + Level 4.2 Transmutations


You had 2 spell levels left.
You knew the following spells:

 Your Spells              Type           Power        Failure   Level  Hunger
a - Fulsome Distillation  Trmt/Necr      N/A          12%         1    ##.....
b - Evaporate             Fire/Trmt      ##.....      17%         2    ###....


Dungeon Overview and Level Annotations

Branches:
Dungeon (3/27)

Altars:


Message History

You hit the hobgoblin.
The hobgoblin is moderately wounded.
The hobgoblin closely misses you.
You closely miss the hobgoblin.
The hobgoblin is moderately wounded.
You hit the hobgoblin.
You kill the hobgoblin!
You see here a club.
You hit the orc but do no damage. The orc barely misses you.
You barely miss the orc. You closely miss the orc.
The orc hits you but does no damage.
You hit the orc but do no damage. The orc closely misses you.
You hit the orc.
The orc is severely wounded.
The orc hits you but does no damage.
You hit the orc but do no damage.
The orc is severely wounded.
The orc hits you with a runed orcish flail!
Ouch! That really hurt!
You die...

#######...###...# ##.#..
..l......................
#######...#.............
#.###..... ....... #.#
...........o #.# ...
.......o #.# .......ยง
#o# ....... #@# .......
#.# .(..... #.# ......
... ..... ##.## ###. #..
# ... ###


You could see an orc.

Vanquished Creatures
  A worm (D:2)
  A giant gecko (D:1)
  3 orcs (D:3)
  5 giant cockroaches
  5 goblins (D:1)
  A hobgoblin (D:3)
  9 bats
  3 giant newts
  3 kobolds
  4 rats
35 creatures vanquished.

Notes
Turn   | Place    | Note
--------------------------------------------------------------
     0 | D:1      | Lightli, the Deep Elf Stalker, began the quest for the Orb.
     0 | D:1      | Reached XP level 1. HP: 12/12 MP: 2/2
   209 | D:1      | Reached skill level 3 in Transmutations
   214 | D:1      | Reached XP level 2. HP: 8/16 MP: 4/4
  1000 | D:1      | Learned a level 2 spell: Evaporate
  1332 | D:2      | Reached XP level 3. HP: 18/20 MP: 7/7
  1570 | D:2      | Reached skill level 4 in Transmutations
  1652 | D:2      | HP: 1/20 [poisoned by an adder]
  1662 | D:2      | HP: 1/20 [poisoned by an adder]
  1837 | D:3      | Slain by an orc
